 Dungeon Crawl Stone Soup version 0.28.0 (webtiles) character file.

Game seed: 10043097776838723973

240 KUP the Magician (level 6, 0/41 HPs)
             Began as a Formicid Earth Elementalist on Feb 5, 2022.
             Was an Initiate of Vehumet.
             Slain by a black bear (1 damage)
             ... on level 3 of the Dungeon.
             The game lasted 00:11:20 (2829 turns).

KUP the Magician (Formicid Earth Elementalist)      Turns: 2829, Time: 00:11:20

Health: 0/41       AC:  4    Str: 12    XL:     6   Next: 30%
Magic:  1/13       EV: 12    Int: 17    God:    Vehumet [......]
Gold:   166        SH:  0    Dex: 13    Spells: 6/15 levels left

rFire   . . .      SeeInvis +   e - +0 mace (drain)
rCold   . . .      Faith    .   (no shield)
rNeg    . . .      Spirit   .   r - +1 robe of the Undertaker {Fly Dex+2 SInv}
rPois   .          Reflect  .   (helmet unavailable)
rElec   .          Harm     .   (no cloak)
rCorr   .          Rampage  .   (no gloves)
Will    .....                   m - +0 pair of boots
Stlth   ++........              (no amulet)
HPRegen 0.13/turn               (no ring)
MPRegen 0.13/turn               (no ring)

@: flying, very slightly contaminated, invisible
A: permanent stasis, dig shafts and tunnels, antennae 3, four strong arms
a: Dig, Shaft Self, Renounce Religion


You were on level 3 of the Dungeon.
You worshipped Vehumet.
Vehumet was noncommittal.
You visited 2 branches of the dungeon, and saw 5 of its levels.
You also visited: Sewer.

You collected 166 gold pieces.

Inventory:

Hand Weapons
 e - a +0 mace of draining (weapon)
 q - a +2 dagger of venom
Armour
 b - a +0 robe
 k - a +0 buckler
 m - a +0 pair of boots (worn)
 r - the +1 robe of the Undertaker (worn) {Fly Dex+2 SInv}
   (You found it on level 4 of the Dungeon)

   Dex:       It affects your dexterity (+2).
   SInv:      It lets you see invisible.
   Fly:       It grants you flight.
Scrolls
 a - a scroll of teleportation {unknown}
 g - a scroll of vulnerability {unknown}
 h - a scroll of identify
 l - a scroll of enchant armour {unknown}
 n - a scroll of enchant weapon {unknown}
 o - a scroll of magic mapping
Potions
 d - a potion of curing {unknown}
 f - 3 potions of haste
 i - a potion of cancellation
 j - 3 potions of invisibility
 p - a potion of might


   Skills:
 - Level 1.7 Dodging
 - Level 2.4 Stealth
 - Level 5.1 Spellcasting
 + Level 1.9 Conjurations
 + Level 2.6 Hexes
 - Level 1.1 Transmutations
 - Level 3.6 Earth Magic


You had 6 spell levels left.
You knew the following spells:

 Your Spells              Type           Power      Damage    Failure   Level
a - Sandblast             Erth           32%        2d9       3%          1
b - Stone Arrow           Conj/Erth      26%        3d8       13%         3
c - Slow                  Hex            52%        N/A       4%          1
d - Petrify               Tmut/Erth      12%        N/A       47%         4

Your spell library contained the following spells:

 Spells                   Type           Power      Damage    Failure   Level
 Passwall                 Tmut/Erth      10%        N/A       9%          2
 Confusing Touch          Hex            13%        N/A       14%         3
 Vampiric Draining        Necr           4%         2d6       38%         3


Dungeon Overview and Level Annotations

Branches:
Dungeon (4/15)             Temple (1/1) D:4           Sewer (visited)

Altars:
Cheibriados
Elyvilon
Fedhas
Hepliaklqana
Makhleb
Nemelex Xobeh
Ru
Sif Muna
Trog
Vehumet
Yredelemnul
Zin
The Shining One

Annotations:
D:3 Sigmund


Innate Abilities, Weirdness & Mutations

You cannot be hasted, slowed, berserked, paralysed or teleported.
You can dig through walls and to a lower floor.
You have a pair of large antennae on your head. (SInv)
Your four strong arms can wield two-handed weapons with a shield.


Message History

The black bear closely misses you. The black bear barely misses you.
There is a stone staircase leading up here.
The black bear bites you. The black bear misses you.
The black bear barely misses you.
You fly upwards.
Level annotation: Sigmund
There is a stone staircase leading down here.
The stone arrow hits the black bear!
The black bear is heavily wounded.
The black bear bites you! The black bear claws you. The black bear misses you.
You miscast Stone Arrow.
You are very lightly contaminated with residual magic.
Nothing appears to happen.
The black bear bites you! The black bear claws you.
The black bear barely misses you.
You are too injured to fight recklessly!
Casting: Stone Arrow (dangerous; 13% risk of failure)
Confirm with . or Enter, or press ? or * to list all spells.
Aiming: Stone Arrow (dangerous; 13% risk of failure)
Press: ? - help, Shift-Dir - straight line, f/p - black bear
Aim: a black bear (heavily wounded, 77% to hit)
The stone arrow hits the black bear!
The black bear is severely wounded.
The black bear goes berserk!
Casting: Stone Arrow (dangerous; 13% risk of failure)
Confirm with . or Enter, or press ? or * to list all spells.
Aiming: Stone Arrow (dangerous; 13% risk of failure)
Press: ? - help, Shift-Dir - straight line, f/p - black bear
Aim: a black bear (severely wounded, berserk, 77% to hit)
You miscast Stone Arrow.
Nothing appears to happen.
The black bear bites you!
* * * LOW HITPOINT WARNING * * *
The black bear claws you.
* * * LOW HITPOINT WARNING * * *
The black bear claws you.
* * * LOW HITPOINT WARNING * * *
Okay, then.
You fade into invisibility!
The black bear closely misses you.
The black bear claws you but does no damage.
The black bear claws you.
You die...

#........###...#,,,*,,,* *,
#........# *#....,,,,*** *,
#........# *#.#.,,*** *,
#........## *.#,,,********
#....).)..## **.,,,,,,,,,,,
#.....[)...# *,,,,≈≈≈≈≈≈≈≈
#......<.#># *,,,,≈≈≈≈≈≈≈≈
#........#h# *,,,,≈≈*****≈
###....).[@###*,,,,≈≈*,,,*,
#..........##,,,,≈≈*,,,**
#...........#,,,,≈≈***+*,
####.......#####,,,,≈≈≈,*,,,
#.........###***,,,,≈≈≈,*,*,
#.............,*,,,,≈≈≈,*,**
#.........####**,,,,≈≈≈,*,,,
########### *,,,,≈≈≈,*,,,
*,,,,≈≈≈,*,**


You could see a black bear (berserk).

Vanquished Creatures
  A killer bee (D:4)
  An orc wizard (D:4)
  A hell rat (Sewer)
  4 adders
  3 river rats (Sewer)
  A worm (D:2)
  A dart slug (D:1)
  8 orcs
  7 endoplasms
  2 giant cockroaches
  6 goblins
  8 hobgoblins
  2 kobolds
  3 quokkas
  7 ball pythons
  8 bats
  A frilled lizard (D:3)
  11 rats
75 creatures vanquished.

Vanquished Creatures (others)
  3 plants (D:4)
3 creatures vanquished.

Grand Total: 78 creatures vanquished

Notes
Turn   | Place    | Note
-------+----------+-------------------------------------------
     0 | D:1      | KUP the Formicid Earth Elementalist began the quest for the
                  | Orb.
     0 | D:1      | Reached XP level 1. HP: 13/13 MP: 3/3
   120 | D:1      | Reached XP level 2. HP: 9/19 MP: 0/5
   419 | D:1      | Reached skill level 3 in Spellcasting
   592 | D:1      | Found a faded altar of an unknown god.
   597 | D:1      | Reached XP level 3. HP: 16/24 MP: 7/7
  1177 | D:2      | Reached skill level 4 in Spellcasting
  1199 | D:2      | Reached XP level 4. HP: 25/30 MP: 0/10
  2020 | D:3      | Found a glowing drain.
  2030 | D:3      | Noticed Sigmund
  2032 | Sewer    | Entered a sewer
  2040 | Sewer    | Reached skill level 5 in Spellcasting
  2040 | Sewer    | Reached XP level 5. HP: 34/35 MP: 6/12
  2076 | Sewer    | Learned a level 3 spell: Stone Arrow
  2078 | Sewer    | Learned a level 1 spell: Slow
  2083 | Sewer    | Learned a level 4 spell: Petrify
  2134 | D:3      | Reached skill level 1 in Hexes
  2276 | D:4      | Found a staircase to the Ecumenical Temple.
  2290 | Temple   | Entered the Ecumenical Temple
  2298 | Temple   | Became a worshipper of Vehumet
  2337 | D:4      | Reached skill level 1 in Conjurations
  2502 | D:4      | Identified the +1 robe of the Undertaker {Fly Dex+2 SInv}
  2555 | D:4      | Reached XP level 6. HP: 14/41 MP: 4/13
  2610 | D:4      | Noticed a black bear
  2828 | D:3      | HP: 1/41 [black bear (4)]
  2829 | D:3      | Slain by a black bear

Illustrated notes

Levels and vault maps discovered:
D:1:      amcnicky_arrival_abandoned_market, layout_rooms,
          chequers_ecumenical_altar_simple
D:2:      layout_rooms
D:3:      lemuel_castle_with_subvaults [lemuel_castle_interior_carwin_3],
          layout_rooms, cheibrodos_sewer_entry_sluice, uniq_robin, uniq_sigmund
D:4:      layout_cave_pools, minmay_temple_entry_gardened_gates
Temple:   dpeg_three_leaves_temple

Skill      XL: |  1  2  3  4  5 |
---------------+----------------+-----
Spellcasting   | 3 4 5 |  5.1
Hexes          | 2 |  2.6
Conjurations   | 1 |  1.9
Dodging        | |  1.7
Stealth        | |  2.4
Transmutations | |  1.1
Earth Magic    | |  3.6

Action                   |  1- 3 |  4- 6 || total
-------------------------+-------+-------++-------
Melee: Unarmed           |    15 |       ||    15
       Mace              |    13 |    21 ||    34
 Cast: Sandblast         |    44 |    54 ||    98
       Stone Arrow       |       |    10 ||    10
  Use: Scroll            |       |     6 ||     6
       Potion            |       |     3 ||     3
 Stab: Sleeping          |     1 |       ||     1
Armor: Robe              |    14 |    18 ||    32
Dodge: Dodged            |    27 |    54 ||    81
